 Dungeon Crawl Stone Soup version 0.25.1-2-g60ff931df9 (webtiles) character file.

Game seed: 8375529001706033766

169 Kjetter the Cutter (level 5, -2/32 HPs)
             Began as a Kobold Warper on Aug 12, 2020.
             Slain by a sky beast (4 damage)
             ... on level 2 of the Dungeon.
             The game lasted 00:21:40 (4112 turns).

Kjetter the Cutter (Kobold Warper)                  Turns: 4112, Time: 00:21:40

Health: -2/32      AC:  3    Str:  8    XL:     5   Next: 79%
Magic:  9/9        EV: 15    Int: 14    God:
Gold:   96         SH:  0    Dex: 16    Spells: 9/9 levels left

rFire    . . .     SeeInvis .   a - +0 short sword
rCold    . . .     Gourm    .   (shield restricted)
rNeg     . . .     Faith    .   b - +0 leather armour
rPois    .         Spirit   .   (no helmet)
rElec    .         Reflect  .   (no cloak)
rCorr    .         Harm     .   (no gloves)
MR       .....                  (no boots)
Stlth    ++........             (no amulet)
HPRegen  0.10/turn              (no ring)
MPRegen  0.11/turn              (no ring)

@: mighty
A: small, carnivore
a: no special abilities


You were on level 2 of the Dungeon.
You were very full.

You visited 1 branch of the dungeon, and saw 3 of its levels.

You collected 96 gold pieces.

Inventory:

Hand Weapons
 a - a +0 short sword (weapon)
 m - a +0 spear
Missiles
 e - 5 boomerangs of dispersal
 k - 82 stones (quivered)
 u - 22 sling bullets
 v - a boomerang
Armour
 b - a +0 leather armour (worn)
Wands
 w - a wand of flame (18)
Scrolls
 c - a scroll of identify
 d - a scroll of blinking
 g - 2 scrolls of remove curse {unknown}
 j - a scroll of enchant weapon {unknown}
 l - 2 scrolls of amnesia {unknown}
 p - 2 scrolls of teleportation
 q - a scroll of noise {unknown}
 t - a scroll of immolation {unknown}
Potions
 h - a potion of cancellation {unknown}
 i - 2 potions of resistance
 s - a potion of haste {unknown}
Comestibles
 f - 7 rations
 o - 3 chunks of flesh


   Skills:
 * Level 3.1 Fighting
 + Level 3.7 Short Blades
 * Level 3.0 Throwing
 - Level 0.7 Armour
 * Level 3.3 Dodging
 * Level 2.3 Stealth
 * Level 2.9 Spellcasting
   Level 3.0 Translocations


You had 9 spell levels left.
You didn't know any spells.
Your spell library contained the following spells:

 Spells                   Type           Power        Failure   Level  Hunger
 Blink                    Tloc           N/A          13%         2    ##.....
 Shroud of Golubria       Chrm/Tloc      #.....       26%         2    ##.....
 Gell's Gravitas          Tloc           ##........   26%         3    ###....
 Lesser Beckoning         Tloc           ##........   26%         3    ###....
 Teleport Other           Tloc           ##......     26%         3    ###....
 Passage of Golubria      Tloc           N/A          65%         4    #####..


Dungeon Overview and Level Annotations

Branches:
Dungeon (3/15)

Altars:
Elyvilon
Trog

Annotations:
D:3 Sigmund


Innate Abilities, Weirdness & Mutations

You are small and have problems with some larger weapons.
You are carnivorous and can eat meat at any time.


Message History

You climb upwards.
Reactivating autopickup.
There is a stone staircase leading down here.
Deactivating autopickup; reactivate with Ctrl-A.
You barely miss something. Something hits you but does no damage.
You closely miss something. Something hits you but does no damage.
You closely miss something. Something hits you. Something shocks you.
* * * LOW HITPOINT WARNING * * *
You feel better. Something hits you but does no damage.
You feel very mighty all of a sudden. Something hits you. Something shocks you.
You closely miss something. Something hits you but does no damage.
You miss something. Something hits you.
* * * LOW HITPOINT WARNING * * *
Something shocks you.
* * * LOW HITPOINT WARNING * * *
You miss something.
A sky beast appears from thin air!
Reactivating autopickup.
The sky beast hits you.
You die...

#.....#.# #....'..#
#.....#.# #....##.####
####..#'###########.#...
##.......# #.#.##
#.......# #.#.#.
#.......#######.#.#.
##....).##......#.#.
######.Y....##.####.#.#.
#......@..........###)#.
#......#######..........
#......# ###.#######
#......# #........
######## #########
#....... #.#.#.#.
#.#.#.#. #.#.#.#.


You could see a sky beast.

Vanquished Creatures
  An orc priest (D:3)
  A worker ant (D:3)
  5 adders
  2 worms (D:2)
  2 dart slugs
  2 leopard geckos
  3 orcs
  A ball python (D:3)
  3 giant cockroaches
  4 goblins
  2 hobgoblins (D:2)
  4 jackals
  3 kobolds
  A quokka (D:3)
  12 bats
  7 frilled lizards
  6 rats
59 creatures vanquished.

Notes
Turn   | Place    | Note
-------+----------+-------------------------------------------
     0 | D:1      | Kjetter the Kobold Warper began the quest for the Orb.
     0 | D:1      | Reached XP level 1. HP: 12/12 MP: 3/3
   128 | D:1      | Reached XP level 2. HP: 16/18 MP: 5/5
  1054 | D:2      | Reached XP level 3. HP: 22/22 MP: 6/6
  1214 | D:2      | Reached skill level 1 in Stealth
  1592 | D:2      | Reached XP level 4. HP: 27/27 MP: 7/7
  1899 | D:2      | Found a bloodstained altar of Trog.
  1953 | D:2      | HP: 1/27 [worm (6)]
  3127 | D:3      | Reached XP level 5. HP: 32/32 MP: 7/9
  3572 | D:3      | Noticed a sky beast
  3621 | D:3      | Found a white marble altar of Elyvilon.
  3621 | D:3      | Noticed Sigmund
  4112 | D:2      | Slain by a sky beast

Illustrated notes

Levels and vault maps discovered:
D:1:      sevenhm_arrival_forest_fort_small_4, layout_loops_ring,
          solitary_fountain
D:2:      layout_basic, overflow_temple_1_default
D:3:      layout_loops_cross, elyvilon_altar_5, uniq_sigmund

Skill      XL: |  1  2  3  4  5 |
---------------+----------------+-----
Short Blades   | 3 |  3.7
Stealth        | 1 2 |  2.3
Throwing       | 2 3 |  3.0
Dodging        | 3 |  3.3
Fighting       | 3 |  3.1
Armour         | |  0.7
Spellcasting   | |  2.9
Translocations | |  3.0

Action                   |  1- 3 |  4- 6 || total
-------------------------+-------+-------++-------
Melee: Short sword       |    94 |   155 ||   249
Throw: Boomerang         |    10 |    10 ||    20
       Stone             |    18 |    67 ||    85
Evoke: Wand              |       |     2 ||     2
  Use: Potion            |       |     5 ||     5
       Scroll            |       |     3 ||     3
 Stab: Sleeping          |     4 |     4 ||     8
  Eat: Chunk             |    11 |     7 ||    18
Armor: Leather armour    |    18 |    28 ||    46
Dodge: Dodged            |    80 |    88 ||   168
